 Dungeon Crawl Stone Soup version 0.28.0-55-gcd9437bce4 (webtiles) character file.

Game seed: 364578831525191166

14748 nerdsy the Protected (level 11, -6/102 HPs)
             Began as a Deep Dwarf Fighter on Jan 5, 2023.
             Mangled by a two-headed ogre
             ... wielding a +0 giant spiked club
              (13 damage)
             ... on level 12 of the Dungeon.
             The game lasted 00:48:03 (9679 turns).

nerdsy the Protected (Deep Dwarf Fighter)           Turns: 9679, Time: 00:48:03

Health: -6/102     AC: 29    Str: 20 (23) XL:     11   Next: 92%
Magic:  0/0        EV:  7    Int: 16 (19) God:
Gold:   595        SH:  6    Dex: 13 (16) Spells: 10/10 levels left

rFire   . . .      SeeInvis .   x - +5 dagger of Ethiapn {vorpal, rCorr}
rCold   . . .      Faith    .   c - +0 buckler
rNeg    . . .      Spirit   +   h - +10 plate armour of Chimes {Str+3 Int+4}
rPois   .          Reflect  .   z - +0 helmet
rElec   .          Harm     .   (no cloak)
rCorr   +          Rampage  .   f - +0 pair of gloves
Will    +....                   C - +0 pair of boots
Stlth   ..........              j - amulet of guardian spirit
HPRegen 0.00/turn               i - ring of resist corrosion
MPRegen 0.07/turn               E - +6 ring of intelligence

@: no status effects
A: damage resistance, heal wounds, sense surroundings 2, no regeneration
a: Heal Wounds


You were on level 12 of the Dungeon.
You visited 1 branch of the dungeon, and saw 12 of its levels.

You collected 595 gold pieces.

Inventory:

Hand Weapons
 r - a +3 shortbow of freezing
 x - the +5 dagger of Ethiapn (weapon) {vorpal, rCorr}
   (You found it on level 6 of the Dungeon)

   It inflicts extra damage upon your enemies.
   rCorr:     It protects you from acid and corrosion.
Missiles
 s - 248 arrows
 t - 2 throwing nets
Armour
 c - a +0 buckler (worn)
 f - a +0 pair of gloves (worn)
 h - the +10 plate armour of Chimes (worn) {Str+3 Int+4}
   (You found it on level 2 of the Dungeon)

   Str:       It affects your strength (+3).
   Int:       It affects your intelligence (+4).
 z - a +0 helmet (worn)
 C - a +0 pair of boots (worn)
Jewellery
 i - a ring of resist corrosion (left hand)
 j - an amulet of guardian spirit (around neck)
 E - a +6 ring of intelligence (right hand)
Wands
 k - a wand of flame (26)
 v - a wand of polymorph (9)
Scrolls
 b - a scroll of immolation
 g - 2 scrolls of vulnerability
 o - 3 scrolls of enchant armour
 q - a scroll of magic mapping
 u - 2 scrolls of fear
 w - a scroll of amnesia {unknown}
 y - a scroll of torment {unknown}
 G - a scroll of summoning {unknown}
Potions
 d - 2 potions of might
 D - a potion of lignification


   Skills:
 + Level 7.6 Fighting
 + Level 9.9 Short Blades
 + Level 3.7 Axes
 + Level 11.8 Armour
 + Level 2.6 Dodging
 + Level 1.0 Stealth
 + Level 10.4 Shields


You had 10 spell levels left.
You didn't know any spells.
Your spell library contained the following spells:

 Spells                   Type           Power      Damage    Failure   Level
 Animate Skeleton         Necr           0%         N/A       99%         1
 Apportation              Tloc           0%         N/A       99%         1
 Summon Small Mammal      Summ           0%         N/A       99%         1
 Blink                    Tloc           0%         N/A       100%        2
 Ensorcelled Hibernation  Hex/Ice        0%         N/A       100%        2
 Passwall                 Tmut/Erth      0%         N/A       100%        2
 Conjure Flame            Conj/Fire      0%         6-21      100%        3
 Gell's Gravitas          Tloc           0%         N/A       100%        3
 Ignite Poison            Fire/Tmut/Pois 0%         N/A       100%        3
 Swiftness                Air            0%         N/A       100%        3
 Teleport Other           Tloc           0%         N/A       100%        3
 Sticky Flame             Conj/Fire      0%         2d3       100%        4
 Summon Ice Beast         Ice/Summ       0%         N/A       100%        4
 Lightning Bolt           Conj/Air       0%         1d11      100%        5
 Manifold Assault         Tloc           0%         N/A       100%        5
 Summon Mana Viper        Hex/Summ       0%         N/A       100%        5
 Dispersal                Tloc           0%         N/A       100%        6
 Monstrous Menagerie      Summ           0%         N/A       100%        7
 Storm Form               Tmut/Air       0%         N/A       100%        7
 Chain Lightning          Conj/Air       0%         N/A       100%        9


Dungeon Overview and Level Annotations

Branches:
Dungeon (12/15)            Temple (0/1) D:7            Lair (0/6) D:9
    Orc (0/2) D:12

Altars:
Makhleb
Trog
Vehumet
The Shining One

Portals:
Trove: D:12 (give 6 scrolls of blinking)


Innate Abilities, Weirdness & Mutations

You are resistant to damage.
You can heal yourself by infusing magical energy.
You passively map the area around you.
You do not regenerate.


Message History

Your resistance to elements expires.
There is a stone staircase leading down here.
There is a stone staircase leading down here.
There is an open door here.
There is an open door here.
There is an open door here.
There is an open door here.
You see here 5 poisoned darts.
There is an open door here.
There is an open door here.
Sorry, I don't know how to traverse that place.
You see here a +0 club.
Really walk into that dispersal trap?
You enter a dispersal trap!
You blink.
You see here a +0 club.
There is a stone staircase leading up here.
You climb upwards.
There is a stone staircase leading down here.
There is a stone staircase leading up here.
Things that are here:
a +0 giant spiked club; a +0 giant club
Things that are here:
a ring of protection from cold; a ring of fire; an amulet of magic regeneration You don't have enough innate magic capacity.
You don't have enough innate magic capacity.
There is a stone staircase leading up here.
There is a stone staircase leading down here.
You climb downwards.
There is a stone staircase leading up here.
Unknown command.
There is an escape hatch in the ceiling here.
There is a stone staircase leading down here.
You climb downwards.
Found 18 gold pieces.
Found an escape hatch in the ceiling.
There is a stone staircase leading up here.
A two-headed ogre comes into view.
It is wielding two +0 giant spiked clubs.
The two-headed ogre hits you with a +0 giant spiked club!
* * * LOW HITPOINT WARNING * * *
The two-headed ogre hits you with a +0 giant spiked club!
You die...

#)## #....# , ##).###
#....# .# * , #.....# *
#<...#####.# * ,
...8.....####....$.....#
,
.........#.............#
*
.......................#*
,
...>....8...............,
............<...........,
,,,
.........####...@O......
...8.....# #........... *
, , ** #........... ,, *
#........... ,, , ,
#....#####+# ,,, , *
#....#, , , * ,, ,
.....#, * * ......# , , ,
,


You could see a two-headed ogre.

Vanquished Creatures
  5 two-headed ogres
  The ghost of mortz the Carver, a novice HOMo of Beogh (D:9)
  2 manticores
  A cyclops (D:11)
  A gargoyle (D:12)
  An unseen horror (D:11)
  A tengu conjurer (D:9)
  A hornet (D:9)
  3 trolls
  A meliai zombie (D:9)
  A shadow (D:11)
  2 vampires
  6 yaks
  A wyvern (D:11)
  4 vampire mosquitoes (D:11)
  2 acid dragons
  A water moccasin (D:9)
  4 orc warriors
  4 sky beasts
  A black bear (D:7)
  A hornet zombie (D:7)
  4 ogres
  11 centaurs
  A kobold brigand (D:7)
  3 bullfrogs (D:9)
  A scorpion (D:4)
  A gnoll sergeant (D:9)
  A wyvern zombie (D:7)
  15 killer bees
  4 howler monkeys
  11 wights
  4 hounds
  2 jellies
  6 centaur zombies
  A bullfrog skeleton (D:5)
  5 orc priests
  2 gnoll shamans
  2 iguanas
  10 orc wizards
  2 killer bee zombies
  2 howler monkey zombies
  18 gnolls
  8 adders
  A shadow imp (D:5)
  A white imp (D:8)
  A worm (D:2)
  3 dart slugs
  48 orcs
  5 endoplasms
  3 giant cockroaches
  6 hobgoblins
  15 jackals (D:4)
  11 kobolds
  A quokka (D:3)
  9 ball pythons
  3 bats
  A frilled lizard (D:1)
  6 goblins
  A rat (D:2)
273 creatures vanquished.

Vanquished Creatures (others)
  A wraith (D:12)
  A plant (D:4)
2 creatures vanquished.

Grand Total: 275 creatures vanquished

Notes
Turn   | Place    | Note
-------+----------+-------------------------------------------
     0 | D:1      | nerdsy the Deep Dwarf Fighter began the quest for the Orb.
     0 | D:1      | Reached XP level 1. HP: 20/20 MP: 1/1
   181 | D:1      | Reached XP level 2. HP: 24/27 MP: 2/2
   775 | D:2      | Identified the +10 plate armour of Chimes {Str+3 Int+4}
   816 | D:2      | Found a faded altar of an unknown god.
   837 | D:2      | Found a radiant altar of Vehumet.
   896 | D:2      | Reached XP level 3. HP: 33/33 MP: 3/3
  1632 | D:4      | Noticed a scorpion
  1638 | D:4      | Reached XP level 4. HP: 36/40 MP: 4/4
  1643 | D:4      | Killed a scorpion
  1644 | D:4      | Reached skill level 1 in Short Blades
  1644 | D:4      | Reached skill level 4 in Armour
  1672 | D:4      | Reached XP level 5. HP: 43/49 MP: 5/5
  1812 | D:4      | Reached XP level 6. HP: 38/56 MP: 6/6
  1871 | D:4      | Noticed an acid dragon
  1899 | D:4      | Killed an acid dragon
  2064 | D:4      | Reached skill level 5 in Shields
  2064 | D:4      | Reached XP level 7. HP: 47/62 MP: 7/7
  2076 | D:4      | Reached skill level 5 in Armour
  2225 | D:4      | Reached skill level 1 in Dodging
  2617 | D:4      | Reached XP level 8. HP: 28/72 MP: 8/8
  2805 | D:5      | Entered Level 5 of the Dungeon
  2844 | D:5      | Reached skill level 6 in Armour
  2845 | D:5      | Reached skill level 5 in Short Blades
  3146 | D:5      | Identified the +1 robe of Jigsaw {Str+2}
  3857 | D:6      | Gained mutation: You passively map the area around you.
                  | [Deep Dwarf growth]
  3857 | D:6      | Reached XP level 9. HP: 65/79 MP: 8/8
  4137 | D:6      | Identified the +5 dagger of Ethiapn {vorpal, rCorr}
  4279 | D:7      | Got Caovut Zawk's Papyrus of Destructive Ice
  4370 | D:7      | Reached skill level 7 in Armour
  4386 | D:7      | Found a bloodstained altar of Trog.
  4465 | D:7      | Reached skill level 5 in Fighting
  4540 | D:7      | Found a staircase to the Ecumenical Temple.
  5402 | D:8      | Found a burning altar of Makhleb.
  5407 | D:8      | Found a radiant altar of Vehumet.
  5560 | D:8      | Found a glowing golden altar of the Shining One.
  5675 | D:9      | Reached skill level 1 in Stealth
  5685 | D:9      | Reached skill level 8 in Armour
  5793 | D:9      | Reached XP level 10. HP: 27/88 MP: 7/7
  5969 | D:9      | Found a staircase to the Lair.
  6005 | D:9      | Noticed a two-headed ogre
  6012 | D:9      | Noticed a manticore
  6015 | D:9      | Noticed a two-headed ogre
  6025 | D:9      | Killed a two-headed ogre
  6033 | D:9      | Killed a two-headed ogre
  6034 | D:9      | Reached skill level 9 in Armour
  6048 | D:9      | Paralysed by a hornet for 2 turns
  6092 | D:9      | Killed a manticore
  6195 | D:9      | Identified the +7 plate armour of Experimentation {rC+
                  | Int+3}
  6484 | D:9      | Found a runed translucent gate.
  6484 | D:9      | Found a runed translucent gate.
  6484 | D:9      | Found a runed translucent gate.
  6487 | D:9      | Noticed mortz's ghost (novice HOMo)
  6829 | D:9      | Killed mortz's ghost
  6830 | D:9      | Reached skill level 10 in Armour
  6830 | D:9      | Reached XP level 11. HP: 66/99 MP: 3/3
  6906 | D:10     | Entered Level 10 of the Dungeon
  7074 | D:10     | You fall into a shaft and drop 2 floors!
  7110 | D:12     | Found a portal to a secret trove of treasure.
  7158 | D:12     | Noticed an eight-headed hydra
  7257 | D:11     | Noticed a two-headed ogre
  7288 | D:11     | Killed a two-headed ogre
  7289 | D:11     | Reached skill level 10 in Shields
  7593 | D:11     | Reached skill level 11 in Armour
  7716 | D:10     | Noticed a two-headed ogre
  7739 | D:10     | Killed a two-headed ogre
  7970 | D:10     | Noticed a two-headed ogre
  7990 | D:10     | Killed a two-headed ogre
  8978 | D:12     | Found a staircase to the Orcish Mines.
  9676 | D:12     | Noticed a two-headed ogre
  9679 | D:12     | Mangled by a two-headed ogre

Illustrated notes

Levels and vault maps discovered:
D:1:      dpeg_arrival_round_c, layout_basic
D:2:      layout_basic, ebering_ecumenical_altar_petrified, basic_altar
D:3:      layout_rooms, hangedman_decor_clover_reticule
D:4:      lemuel_castle_with_subvaults [lemuel_castle_interior_carwin_2],
          layout_basic
D:5:      layout_basic
D:6:      layout_loops_ring
D:7:      layout_basic, trog_three_pillars_becter,
          minmay_temple_entry_nine_rooms, kennysheep_generic_room_6
D:8:      layout_cave_pools, gammafunk_temple_overflow_forgotten
D:9:      cheibrodos_ideogram_h, layout_basic, dpeg_oklobed_lair,
          gammafunk_ghost_necromancy, nicolae_figureground_pulse
D:10:     layout_rooms
D:11:     layout_basic
D:12:     kennysheep_green_arena, layout_irregular_city, david_orc_2,
          nicolae_trove_entry_crossroad

Skill      XL: |  1  2  3  4  5  6  7  8  9 10 11 |
---------------+----------------------------------+-----
Shields        | 4 5 6 8 9 10 | 10.4
Fighting       | 3 4 5 6 7 |  7.6
Short Blades   | 1 2 3 4 6 7 8 9 |  9.9
Armour         | 4 5 6 8 10 11 | 11.8
Axes           | 3 |  3.7
Dodging        | 1 2 |  2.6
Stealth        | 1 |  1.0

Action                   |  1- 3 |  4- 6 |  7- 9 | 10-12 || total
-------------------------+-------+-------+-------+-------++-------
Melee: War axe           |    36 |       |       |       ||    36
       Dagger            |    75 |   117 |   745 |   848 ||  1785
 Abil: Heal Wounds       |     1 |     2 |    15 |    32 ||    50
  Use: Scroll            |       |       |     7 |    11 ||    18
       Potion            |       |       |       |    10 ||    10
Armor: Scale mail        |    24 |       |       |       ||    24
       Plate armour      |    38 |    73 |   586 |   667 ||  1364
Dodge: Dodged            |    39 |    33 |   228 |   218 ||   518
Block: Buckler           |    27 |    27 |   237 |   234 ||   525
